 Dungeon Crawl Stone Soup version 0.19.5 (webtiles) character file.

7590 McKennaii the Thaumaturge (level 10, 0/52 HPs)
             Began as a Deep Elf Fire Elementalist on May 19, 2017.
             Was a Priest of Sif Muna.
             Slain by an ogre
             ... wielding a +0 giant spiked club
              (12 damage)
             ... on level 10 of the Dungeon.
             The game lasted 00:31:07 (10106 turns).

McKennaii the Thaumaturge (DEFE)                   Turns: 10106, Time: 00:31:07

Health: 0/52       AC:  4    Str:  5    XL:     10   Next: 97%
Magic:  16/28      EV: 13    Int: 27    God:    Sif Muna [***...]
Gold:   553        SH:  0    Dex: 17    Spells: 6 memorised, 20 levels left

rFire  . . .     SeeInvis +     G - staff of energy
rCold  . . .     Gourm    .     L - +0 leather armour of Starshine {Int+3 Dex+2}
rNeg   . . .     Faith    .     (no shield)
rPois  .         Spirit   .     (no helmet)
rElec  .         Reflect  .     (no cloak)
rCorr  .         Harm     .     H - +0 pair of gloves
MR     +....                    (no boots)
Stlth  +++.......               (no amulet)
                                h - ring of wizardry
                                z - ring of see invisible

@: no status effects
A: no striking features
a: Divine Energy, Channel Magic, Renounce Religion


You were on level 10 of the Dungeon.
You worshipped Sif Muna.
Sif Muna was most pleased with you.
You were hungry.

You visited 1 branch of the dungeon, and saw 10 of its levels.

You collected 553 gold pieces.

Inventory:

Armour
 H - a +0 pair of gloves (worn)
 L - the +0 leather armour of Starshine (worn) {Int+3 Dex+2}
   (You found it on level 8 of the Dungeon)

   It affects your intelligence (+3).
   It affects your dexterity (+2).
Magical Staves
 F - an uncursed staff of air
 G - an uncursed staff of energy (weapon)
Jewellery
 h - a ring of wizardry (right hand)
 p - an uncursed ring of resist corrosion
 z - a ring of see invisible (left hand)
Wands
 d - a wand of flame (37/48)
 w - a wand of iceblast (2/15)
 y - a wand of digging (7/24)
 M - a wand of teleportation (4/9)
 R - a wand of slowing (22/48)
 T - a wand of lightning (14/15)
Scrolls
 a - a scroll of acquirement {unknown}
 e - 4 scrolls of identify
 g - a scroll of amnesia {unknown}
 k - 3 scrolls of magic mapping
 l - 4 scrolls of remove curse
 m - 3 scrolls of teleportation
 n - a scroll of fear {unknown}
 q - 2 scrolls of immolation {unknown}
 r - 4 scrolls of noise {unknown}
 t - 2 scrolls of fog {unknown}
 I - 2 scrolls of enchant armour {unknown}
 K - a scroll of vulnerability {unknown}
 N - a scroll of holy word {unknown}
 V - a scroll of blinking {unknown}
 W - a scroll of brand weapon {unknown}
Potions
 i - 3 potions of berserk rage
 o - 2 potions of mutation {unknown}
 u - a potion of beneficial mutation {unknown}
 v - a potion of brilliance {unknown}
 x - 2 potions of flight {unknown}
 B - a potion of cure mutation {unknown}
 E - a potion of curing
 J - a potion of ambrosia {unknown}
 O - 2 potions of degeneration {unknown}
 P - a potion of resistance
 Q - 3 potions of might
 U - a potion of haste {unknown}
 X - a potion of agility {unknown}
Books
 b - a book of Flames

   Spells                             Type                      Level
   a - Flame Tongue                   Conjuration/Fire             1
   b - Throw Flame                    Conjuration/Fire             2
   c - Conjure Flame                  Conjuration/Fire             3
   d - Inner Flame                    Hexes/Fire                   3
   e - Sticky Flame                   Conjuration/Fire             4
   f - Fireball                       Conjuration/Fire             5
 A - a book of Minor Magic

   Spells                             Type                      Level
   a - Magic Dart                     Conjuration                  1
   b - Blink                          Translocation                2
   c - Call Imp                       Summoning                    2
   d - Repel Missiles                 Charms/Air                   2
   e - Slow                           Hexes                        2
   f - Conjure Flame                  Conjuration/Fire             3
   g - Mephitic Cloud                 Conjuration/Poison/Air       3
 D - a book of Geomancy

   Spells                             Type                      Level
   a - Sandblast                      Earth                        1
   b - Passwall                       Transmutation/Earth          2
   c - Stone Arrow                    Conjuration/Earth            3
   d - Petrify                        Transmutation/Earth          4
   e - Lee's Rapid Deconstruction     Earth                        5
Comestibles
 c - 6 bread rations
 f - 8 slices of pizza
 j - 5 meat rations
 s - 2 royal jellies
 C - 9 fruits
 S - 3 beef jerkies


   Skills:
 + Level 1.4 Fighting
 + Level 2.5 Armour
 + Level 4.4 Dodging
 + Level 4.7 Stealth
 + Level 12.9 Spellcasting
 + Level 8.7 Conjurations
 + Level 10.6 Fire Magic
 + Level 0.4 Invocations


You had 20 spell levels left.
You knew the following spells:

 Your Spells              Type           Power        Failure   Level  Hunger
a - Flame Tongue          Conj/Fire      #####        1%          1    None
b - Throw Flame           Conj/Fire      ######       1%          2    None
c - Conjure Flame         Conj/Fire      ######..     1%          3    None
e - Magic Dart            Conj           ####         1%          1    None
f - Fireball              Conj/Fire      ######....   1%          5    None
l - Blink                 Tloc           N/A          4%          2    None


Dungeon Overview and Level Annotations

Branches:
Dungeon (10/15)            Temple (0/1) D:7
   Lair: D:8-11         Orc: D:9-12

Altars:
Elyvilon
Fedhas
Gozag
Kikubaaqudgha
Okawaru
Qazlal
Ru
Sif Muna
Uskayaw
Xom
Yredelemnul
Zin
The Shining One

Shops:
D:8 %

Annotations:
D:10 Fannar


Message History

You start resting.
Fannar casts a spell.
Fannar drains the heat from the surrounding environment!
You feel very cold.
* * * LOW HITPOINT WARNING * * *
Fannar is frozen.
Fannar resists.
Fannar is moderately wounded. 2 kobolds and a big kobold come into view.
A kobold comes into view.
The big kobold shouts!
The kobold shouts!
You hear a shout! x3
A kobold comes into view.
As you read the scroll of teleportation, it crumbles to dust.
You feel strangely unstable.
A kobold comes into view.
You completely miss the big kobold.
The big kobold hits you but does no damage.
You closely miss the big kobold.
Your surroundings suddenly seem different.
The ogre hits you with a giant spiked club!
You die...

...............###########......P
.................................
..............................[.P
..##############.................
..# #..............†..
..##############...............P.
..............................P.P
................O..............PP
.........[......@................
..##########......<......######..
..##########..................†÷÷
.....................<.......÷...
.................÷...............
.###########...#########.........
................)................
............)....................
.................................


You could see an ogre.

Vanquished Creatures
  An unseen horror (D:9)
  Joseph (D:10)
  2 trolls
  A two-headed ogre (D:9)
  Prince Ribbit (D:8)
  A wyvern (D:8)
  5 yaks (D:9)
  A human (D:8)
  4 hogs (D:8)
  Menkaure (D:7)
  A hungry ghost (D:7)
  Duvessa (D:4)
  2 orc warriors (D:6)
  An ice beast (D:7)
  A phantom (D:5)
  A sky beast (D:9)
  A necrophage (D:8)
  3 ogres
  5 centaurs
  2 big kobolds (D:8)
  Blork the orc (D:5)
  4 bullfrogs
  A gnoll sergeant (D:8)
  2 scorpions
  Dowan (D:4)
  6 killer bees
  4 wights (D:9)
  6 electric eels (D:8)
  6 howler monkeys
  5 crimson imps
  A quasit (D:5)
  3 hounds
  A jelly (D:8)
  A centaur skeleton (D:5)
  4 iguanas
  2 orc priests
  2 bullfrog skeletons
  7 orc wizards
  6 worker ants
  A hound zombie (D:5)
  A hound skeleton (D:8)
  4 gnolls (D:8)
  7 adders
  7 river rats (D:10)
  A shadow imp (D:5)
  An adder zombie (D:9)
  4 adder skeletons
  4 worms
  A dart slug (D:1)
  3 leopard geckos
  26 orcs
  13 bats
  7 giant cockroaches
  8 goblins
  12 hobgoblins
  11 jackals
  4 quokkas
  8 frilled lizards
  13 kobolds
  A quokka skeleton (D:5)
  14 rats
250 creatures vanquished.

Notes
Turn   | Place    | Note
-------+----------+-------------------------------------------
     0 | D:1      | McKennaii the Deep Elf Fire Elementalist began the quest for the Orb.
     0 | D:1      | Reached XP level 1. HP: 10/10 MP: 6/6
   148 | D:1      | Reached XP level 2. HP: 15/15 MP: 6/8
   643 | D:1      | Reached XP level 3. HP: 19/19 MP: 8/10
   963 | D:2      | Reached skill level 4 in Spellcasting
   972 | D:2      | Learned a level 2 spell: Throw Flame
   976 | D:2      | Learned a level 3 spell: Conjure Flame
  1166 | D:2      | Found an opulent altar of Gozag.
  1167 | D:2      | Found an ancient bone altar of Kikubaaqudgha.
  1169 | D:2      | Found a white marble altar of Elyvilon.
  1169 | D:2      | Found a stormy altar of Qazlal.
  1519 | D:2      | Reached XP level 4. HP: 24/24 MP: 9/12
  2215 | D:3      | Found a hide-covered altar of Uskayaw.
  2532 | D:4      | Reached XP level 5. HP: 28/28 MP: 8/13
  2541 | D:4      | Learned a level 5 spell: Fireball
  2543 | D:4      | Learned a level 1 spell: Magic Dart
  2609 | D:4      | Noticed an ogre
  2624 | D:4      | Killed an ogre
  2624 | D:4      | Reached skill level 5 in Spellcasting
  2624 | D:4      | Reached skill level 5 in Fire Magic
  2926 | D:4      | Reached XP level 6. HP: 28/32 MP: 3/16
  3072 | D:4      | Found a faded altar of an unknown god.
  3072 | D:4      | Found a faded altar of an unknown god.
  3081 | D:4      | Found an iron altar of Okawaru.
  3081 | D:4      | Noticed Dowan
  3093 | D:4      | Noticed Duvessa
  3096 | D:4      | Killed Dowan
  3116 | D:4      | Killed Duvessa
  3175 | D:4      | Found a sacrificial altar of Ru.
  3177 | D:4      | Found a basalt altar of Yredelemnul.
  3322 | D:5      | Entered Level 5 of the Dungeon
  3379 | D:5      | Noticed Blork the orc
  3388 | D:5      | Killed Blork the orc
  3388 | D:5      | Reached skill level 6 in Spellcasting
  3462 | D:5      | Reached XP level 7. HP: 37/37 MP: 7/18
  3637 | D:5      | Found a glowing silver altar of Zin.
  4052 | D:5      | Reached skill level 7 in Spellcasting
  4551 | D:5      | Found a blossoming altar of Fedhas.
  4562 | D:5      | Reached XP level 8. HP: 42/42 MP: 15/21
  4921 | D:5      | Reached skill level 8 in Spellcasting
  5105 | D:6      | Reached skill level 5 in Conjurations
  5626 | D:6      | Found a deep blue altar of Sif Muna.
  5630 | D:6      | Reached skill level 9 in Spellcasting
  5691 | D:6      | Became a worshipper of Sif Muna the Loreminder
  5827 | D:7      | Found a staircase to the Ecumenical Temple.
  5827 | D:7      | Noticed Menkaure
  5829 | D:7      | Killed Menkaure
  5999 | D:6      | Reached XP level 9. HP: 44/46 MP: 12/24
  6234 | D:7      | Found a glowing golden altar of the Shining One.
  6343 | D:7      | Reached skill level 10 in Spellcasting
  6445 | D:7      | Reached * piety under Sif Muna
  6596 | D:8      | Got a polished leather armour
  6607 | D:8      | Identified the +0 leather armour of Starshine {Int+3 Dex+2} (You found it on level 8 of the Dungeon)
  6628 | D:8      | Reached skill level 1 in Fighting
  6633 | D:8      | Reached skill level 1 in Armour
  6878 | D:8      | Noticed Prince Ribbit
  6886 | D:8      | Killed Prince Ribbit
  6917 | D:8      | Found Desh's Food Emporium.
  7321 | D:8      | Reached skill level 11 in Spellcasting
  7851 | D:8      | Reached ** piety under Sif Muna
  7851 | D:8      | Reached XP level 10. HP: 51/51 MP: 5/27
  8036 | D:9      | Found a shimmering altar of Xom.
  8040 | D:9      | Found a shimmering altar of Xom.
  8044 | D:9      | Found a shimmering altar of Xom.
  8282 | D:9      | Noticed Joseph
  8505 | D:9      | Reached skill level 12 in Spellcasting
  8732 | D:9      | Reached skill level 10 in Fire Magic
  8898 | D:9      | Noticed an unseen horror
  8904 | D:9      | Killed an unseen horror
  8904 | D:9      | Reached *** piety under Sif Muna
  8945 | D:9      | Learned a level 2 spell: Blink
  8953 | D:10     | Entered Level 10 of the Dungeon
  9300 | D:10     | Killed Joseph
  9727 | D:10     | Noticed Fannar
 10106 | D:10     | Slain by an ogre

Skill      XL: |  1  2  3  4  5  6  7  8  9 10 |
---------------+-------------------------------+-----
Fire Magic     | 4 5 6 7 9 10 | 10.6
Spellcasting   | 4 5 6 7 9 11 12 | 12.9
Stealth        | 3 4 |  4.7
Conjurations   | 2 3 4 6 7 8 |  8.7
Dodging        | 3 4 |  4.4
Fighting       | 1 |  1.4
Armour         | 2 |  2.5
Invocations    | |  0.4

Action                   |  1- 3 |  4- 6 |  7- 9 | 10-12 || total
-------------------------+-------+-------+-------+-------++-------
Melee: Unarmed           |       |     2 |     6 |       ||     8
       Staff             |       |       |       |     7 ||     7
 Cast: Flame Tongue      |    81 |    69 |   157 |   169 ||   476
       Throw Flame       |       |    21 |    95 |    16 ||   132
       Conjure Flame     |       |     2 |     4 |     5 ||    11
       Magic Dart        |       |     9 |    22 |    18 ||    49
       Fireball          |       |     2 |    11 |    24 ||    37
Invok: Channel Magic     |       |       |       |     1 ||     1
  Use: Scroll            |       |     4 |     1 |     5 ||    10
       Potion            |       |     4 |     1 |     2 ||     7
  Eat: Chunk             |     1 |     6 |    15 |     6 ||    28
Armor: Robe              |     6 |     1 |    18 |       ||    25
       Skin              |       |     1 |       |       ||     1
       Leather armour    |       |       |     3 |    15 ||    18
Dodge: Dodged            |    28 |    23 |    63 |    54 ||   168
